 Dungeon Crawl Stone Soup version 0.26-a0-346-g33516b1736 (webtiles) character file.

Game seed: 2124586748656612295

940 BreadTh the Thaumaturge (level 7, -2/32 HPs)
             Began as a Spriggan Conjurer on July 17, 2020.
             Was an Initiate of Dithmenos.
             Shot with an arrow by a centaur (13 damage)
             ... on level 5 of the Dungeon.
             The game lasted 00:13:26 (5741 turns).

BreadTh the Thaumaturge (Spriggan Conjurer)         Turns: 5741, Time: 00:13:26

Health: -2/32      AC:  2    Str:  3    XL:     7   Next: 88%
Magic:  9/20       EV: 18    Int: 22    God:    Dithmenos [......]
Gold:   234        SH:  0    Dex: 14    Spells: 14/24 levels left

rFire    . . .     SeeInvis +   b - +0 dagger (elec)
rCold    . . .     Faith    .   (shield restricted)
rNeg     . . .     Spirit   .   a - +0 robe
rPois    .         Reflect  .   (helmet restricted)
rElec    .         Harm     .   (no cloak)
rCorr    .                      (gloves unavailable)
MR       +....                  (boots unavailable)
Stlth    +.........             (no amulet)
HPRegen  0.10/turn              i - ring of attention (curse)
MPRegen  0.17/turn              (no ring)

@: very quick
A: very small, unfitting armour, see invisible, speed 3
a: Renounce Religion


You were on level 5 of the Dungeon.
You worshipped Dithmenos.
Dithmenos was noncommittal.
You visited 2 branches of the dungeon, and saw 6 of its levels.

You collected 234 gold pieces.

Inventory:

Hand Weapons
 b - a +0 dagger of electrocution (weapon)
Missiles
 g - 132 stones (quivered)
Armour
 a - a +0 robe (worn)
Jewellery
 c - an uncursed ring of teleportation
 i - a cursed ring of attention (left hand)
Scrolls
 f - a scroll of teleportation
 h - a scroll of amnesia {unknown}
 k - 3 scrolls of identify
 l - a scroll of blinking
Potions
 d - 2 potions of curing
 e - 2 potions of flight {unknown}
 j - 2 potions of heal wounds {unknown}


   Skills:
 - Level 3.0 Dodging
 - Level 3.0 Stealth
 * Level 9.2 Spellcasting
 - Level 5.0 Conjurations


You had 14 spell levels left.
You knew the following spells:

 Your Spells              Type           Power        Failure   Level
a - Magic Dart            Conj           ####         1%          1
b - Searing Ray           Conj           ####..       1%          2
c - Dazzling Flash        Conj/Hex       ###...       7%          3
d - Iskenderun's Mystic   Conj/Tloc      ###.....     24%         4

Your spell library contained the following spells:

 Spells                   Type           Power        Failure   Level
 Fulminant Prism          Conj/Hex       ###.......   24%         4


Dungeon Overview and Level Annotations

Branches:
Dungeon (5/15)             Temple (1/1) D:4

Altars:
Ashenzari
Cheibriados
Dithmenos
Elyvilon
Fedhas
Gozag
Hepliaklqana
Kikubaaqudgha
Makhleb
Nemelex Xobeh
Okawaru
Qazlal
Ru
Sif Muna
Trog
Uskayaw
Vehumet
Wu Jian
Xom
Yredelemnul
Zin
The Shining One


Innate Abilities, Weirdness & Mutations

You are very small and have problems with some larger weapons.
You are too small for most types of armour.
You have supernaturally acute eyesight. (SInv)
You cover ground extremely quickly.


Message History

There is a stone staircase leading up here.
You start resting.
A centaur comes into view.
Casting: Searing Ray (safe; 1% risk of failure)
Confirm with . or Enter, or press ? or * to list all spells.
Okay, then.
Casting: Searing Ray (safe; 1% risk of failure)
Confirm with . or Enter, or press ? or * to list all spells.
Okay, then.
A leopard gecko comes into view.
The centaur wields a +0 shortbow.
The centaur shoots an arrow.
The arrow hits you!!
Ouch! That really hurt!
You see here an arrow.
Casting: Searing Ray (safe; 1% risk of failure)
Confirm with . or Enter, or press ? or * to list all spells.
You can't see any susceptible monsters within range! (Use Z to cast anyway.)
There is a stone staircase leading up here.
The centaur shoots an arrow.
The arrow hits you!
You die...

# ## # ##..
####..#.#.
.....##..#..>...
.......@........
.....#..(.......
##.. #.†........
#..............
#..............
#l?....##......
#....#.. .##..#
#.)#.#.. .. c##
..##.## ... #


You could see a centaur.

Vanquished Creatures
  Grinder (D:3)
  2 ogres
  A necrophage (D:5)
  A scorpion (D:5)
  2 hounds (D:4)
  An orc priest (D:4)
  An iguana (D:4)
  2 orc wizards
  2 worker ants
  A hound zombie (D:5)
  4 adders
  7 gnolls
  A shadow imp (D:4)
  2 oozes
  2 worms (D:3)
  2 dart slugs
  4 leopard geckos
  11 orcs
  A ball python (D:1)
  4 giant cockroaches
  12 goblins
  5 hobgoblins
  6 bats
  6 frilled lizards
  7 kobolds
  5 rats
93 creatures vanquished.

Notes
Turn   | Place    | Note
-------+----------+-------------------------------------------
     0 | D:1      | BreadTh the Spriggan Conjurer began the quest for the Orb.
     0 | D:1      | Reached XP level 1. HP: 9/9 MP: 5/5
   134 | D:1      | Found a shattered altar of Ashenzari.
   400 | D:1      | Reached XP level 2. HP: 13/13 MP: 1/6
  1155 | D:1      | Reached XP level 3. HP: 16/16 MP: 2/8
  1222 | D:1      | Reached skill level 3 in Spellcasting
  1226 | D:1      | Learned a level 2 spell: Searing Ray
  1230 | D:1      | Learned a level 3 spell: Dazzling Flash
  1603 | D:2      | Found a hide-covered altar of Uskayaw.
  1772 | D:2      | Reached XP level 4. HP: 21/21 MP: 3/9
  2589 | D:3      | Noticed Grinder
  2877 | D:3      | Paralysed by Grinder for 7 turns
  3210 | D:3      | Reached XP level 5. HP: 24/24 MP: 7/10
  3219 | D:3      | Learned a level 4 spell: Iskenderun's Mystic Blast
  3917 | D:3      | Paralysed by Grinder for 2 turns
  3927 | D:3      | Paralysed by Grinder for 7 turns
  3937 | D:3      | Killed Grinder
  3937 | D:3      | Reached skill level 5 in Spellcasting
  3937 | D:3      | Reached skill level 5 in Conjurations
  3937 | D:3      | Reached XP level 6. HP: 12/28 MP: 0/15
  4343 | D:4      | Reached skill level 6 in Spellcasting
  4450 | D:4      | Reached XP level 7. HP: 25/32 MP: 12/18
  4600 | D:4      | Reached skill level 7 in Spellcasting
  4778 | D:4      | Found a staircase to the Ecumenical Temple.
  5199 | Temple   | Entered the Ecumenical Temple
  5216 | Temple   | Became a worshipper of Dithmenos the Shadowed
  5572 | D:5      | Entered Level 5 of the Dungeon
  5577 | D:5      | Reached skill level 8 in Spellcasting
  5703 | D:5      | Reached skill level 9 in Spellcasting
  5741 | D:5      | Shot with an arrow by a centaur

Illustrated notes

Levels and vault maps discovered:
D:1:      minmay_arrival_four_houses, layout_loops_ring, minmay_splitting_lines,
          nicolae_ashenzari_panopticon
D:2:      layout_loops_ring, lemuel_doored_altar
D:3:      layout_rooms, uniq_grinder
D:4:      layout_loops_ring, minmay_temple_entry_arrows
D:5:      layout_cave_pools, st_stairs_8, nicolae_qazlal_style_of_elements
Temple:   minmay_crystal_snake_temple

Skill      XL: |  1  2  3  4  5  6  7 |
---------------+----------------------+-----
Conjurations   | 3 4 5 |  5.0
Spellcasting   | 3 5 6 9 |  9.2
Dodging        | |  3.0
Stealth        | |  3.0

Action                   |  1- 3 |  4- 6 |  7- 9 || total
-------------------------+-------+-------+-------++-------
Melee: Unarmed           |    44 |       |       ||    44
       Dagger            |       |    10 |    14 ||    24
 Cast: Magic Dart        |    78 |    92 |    66 ||   236
       Searing Ray       |       |     5 |     6 ||    11
  Use: Scroll            |     2 |     3 |       ||     5
Armor: Robe              |     8 |     2 |     1 ||    11
Dodge: Dodged            |    54 |    10 |    20 ||    84

Table legend:
 A = Non-vault XP
 B = Vault XP
 C = Vault XP percentage of total XP
 D = Non-vault monster count
 E = Vault monster count
 F = Vault count percentage of total count
                 A         B        C        D         E       F
            +---------+---------+-------+---------+---------+-------
      Total |    1066 |     277 |  20.6 |      92 |       1 |   1.1
            +---------+---------+-------+---------+---------+-------
        D:1 |      43 |       0 |   0.0 |      21 |       0 |   0.0
        D:2 |     131 |       0 |   0.0 |      27 |       0 |   0.0
        D:3 |      82 |     277 |  77.2 |      19 |       1 |   5.0
        D:4 |     450 |       0 |   0.0 |      19 |       0 |   0.0
        D:5 |     360 |       0 |   0.0 |       6 |       0 |   0.0
            +---------+---------+-------+---------+---------+-------
